 Dungeon Crawl Stone Soup version 0.30-a0-4-ga7cffc901d (webtiles) character file.

Game seed: 3265839725562344517

98 Setbun the Cutter (level 5, -8/30 HPs)
             Began as a Kobold Brigand on Aug 21, 2022.
             Mangled by Crazy Yiuf
             ... wielding a +4 quarterstaff of chaos
              (9 damage)
             ... on level 2 of the Dungeon.
             The game lasted 00:02:46 (2576 turns).

Setbun the Cutter (Kobold Brigand)                  Turns: 2576, Time: 00:02:46

Health: -8/30      AC:  3    Str:  9    XL:     5   Next: 1%
Magic:  5/5        EV: 14    Int: 12    God:
Gold:   89         SH:  0    Dex: 18    Spells: 4/4 levels left

rFire   . . .      SeeInvis .    a - +2 dagger
rCold   . . .      Faith    .    (no shield)
rNeg    . . .      Spirit   .    b - +0 robe
rPois   .          Reflect  .    (no helmet)
rElec   .          Harm     .    c - +0 cloak
rCorr   .          Rampage  .    (no gloves)
Will    .....                    (no boots)
Stlth   ++++......               (no amulet)
HPRegen 0.10/turn                (no ring)
MPRegen 0.09/turn                (no ring)

@: slowed, very slow
A: small, no large weapons, nightstalker 3
a: no special abilities


You were on level 2 of the Dungeon.
You visited 1 branch of the dungeon, and saw 2 of its levels.

You collected 89 gold pieces.

Inventory:

Hand Weapons
 a - a +2 dagger (weapon)
Missiles
 d - 9 poisoned darts (quivered)
 e - 3 curare-tipped darts
Armour
 b - a +0 robe (worn)
 c - a +0 cloak (worn)
Magical Staves
 m - a staff of poison
Scrolls
 f - a scroll of amnesia {unknown}
 i - 3 scrolls of identify {unknown}
 j - 2 scrolls of vulnerability {unknown}
 o - a scroll of enchant weapon {unknown}
 p - a scroll of immolation {unknown}
 q - 2 scrolls of teleportation {unknown}
 r - a scroll of blinking {unknown}
Potions
 g - 2 potions of flight {unknown}
 h - a potion of curing {unknown}
 k - a potion of attraction {unknown}
 l - 2 potions of might {unknown}
 n - a potion of magic {unknown}
 s - a potion of lignification {unknown}


   Skills:
 - Level 2.1 Fighting
 * Level 6.3 Short Blades
 - Level 2.1 Throwing
 - Level 1.2 Dodging
 - Level 5.3 Stealth


You had 4 spell levels left.
You didn't know any spells.
Your spell library contained the following spells:

 Spells                   Type           Power      Damage    Failure   Level
 Shock                    Conj/Air       0%         1d3       32%         1
 Sublimation of Blood     Necr           0%         N/A       45%         2
 Swiftness                Air            0%         N/A       69%         3
 Airstrike                Air            0%         2d(0-16)  97%         4
 Petrify                  Tmut/Erth      0%         N/A       97%         4
 Summon Ice Beast         Ice/Summ       0%         N/A       97%         4
 Irradiate                Conj/Tmut      0%         3d11      100%        5
 Summon Mana Viper        Hex/Summ       0%         N/A       100%        5
 Monstrous Menagerie      Summ           0%         N/A       100%        7


Dungeon Overview and Level Annotations

Branches:
Dungeon (2/15)

Altars:

Shops:
D:1 =

Annotations:
D:2 Crazy Yiuf


Innate Abilities, Weirdness & Mutations

You are small and have problems with some larger weapons.
You are completely attuned to the shadows.


Message History

Crazy Yiuf closely misses you.
You hit Crazy Yiuf.
Crazy Yiuf is moderately wounded.
You hit Crazy Yiuf but do no damage.
Crazy Yiuf is moderately wounded.
Crazy Yiuf grits, "Paint action down!"
Crazy Yiuf hits you with a +4 quarterstaff of chaos!
Crazy Yiuf burns you.
* * * LOW HITPOINT WARNING * * *
You hit Crazy Yiuf.
Crazy Yiuf is moderately wounded.
Crazy Yiuf barely misses you.
You completely miss Crazy Yiuf.
Crazy Yiuf is moderately wounded.
You hit Crazy Yiuf but do no damage.
Crazy Yiuf is moderately wounded.
Crazy Yiuf says, "Scoff fast ladder!"
Crazy Yiuf barely misses you.
You hit Crazy Yiuf but do no damage.
Crazy Yiuf is moderately wounded.
Crazy Yiuf laughs, "Gnoll mumblescurry light!"
Crazy Yiuf closely misses you.
You hit Crazy Yiuf.
Crazy Yiuf is severely wounded.
You hit Crazy Yiuf.
Crazy Yiuf is severely wounded.
Crazy Yiuf hits you with a +4 quarterstaff of chaos.
* * * LOW HITPOINT WARNING * * *
You feel yourself slow down.
You hit Crazy Yiuf.
Crazy Yiuf is almost dead.
Crazy Yiuf hits you with a +4 quarterstaff of chaos.
* * * LOW HITPOINT WARNING * * *
Crazy Yiuf burns you.
* * * LOW HITPOINT WARNING * * *
Unknown command.
You hit Crazy Yiuf.
Crazy Yiuf is almost dead.
Crazy Yiuf hits you with a +4 quarterstaff of chaos!
You die...

......#########.#..#.# #.........
......##........#.##.###.........
#.#..###....(.....##..##.........
.....# ###############.#.........
.#.#.## #.g......... ......#
##.#........ #..#.##### #####
#..##.....#. ..##.....## ###..)#
#.....g..... .###......####.'@g.#
###......... .###.......#..##...#
########## ..........#.######## #
......####### # ......# #######
รท>....######### #......
........#.....#############[#####
............................#
................#############


You could see Crazy Yiuf.

Vanquished Creatures
  2 gnolls (D:2)
  An adder (D:2)
  A worm (D:2)
  3 dart slugs
  6 endoplasms
  3 giant cockroaches
  2 goblins
  4 hobgoblins
  6 jackals
  6 kobolds
  A quokka (D:1)
  11 ball pythons
  6 bats
  A frilled lizard (D:2)
  4 rats
  A spectral hobgoblin (D:1)
58 creatures vanquished.

Notes
Turn   | Place    | Note
-------+----------+-------------------------------------------
     0 | D:1      | Setbun the Kobold Brigand began the quest for the Orb.
     0 | D:1      | Reached XP level 1. HP: 12/12 MP: 1/1
    34 | D:1      | Reached skill level 3 in Short Blades
    72 | D:1      | Found a faded altar of an unknown god.
   142 | D:1      | Reached XP level 2. HP: 17/17 MP: 2/2
   262 | D:1      | Reached skill level 4 in Short Blades
   332 | D:1      | Reached XP level 3. HP: 21/21 MP: 3/3
   793 | D:1      | Found Hacwun's One-of-a-Kind Rings.
   888 | D:1      | Reached skill level 5 in Short Blades
   989 | D:2      | Reached XP level 4. HP: 4/26 MP: 4/4
  2176 | D:2      | Found a runed translucent door.
  2179 | D:2      | Noticed Crazy Yiuf
  2238 | D:2      | Reached skill level 6 in Short Blades
  2288 | D:2      | Reached XP level 5. HP: 14/30 MP: 5/5
  2575 | D:2      | HP: 1/30 [Crazy Yiuf/+4 quarterstaff of chaos (1)]
  2576 | D:2      | Mangled by Crazy Yiuf

Illustrated notes

Levels and vault maps discovered:
D:1:      onia_arrival_handbag, layout_basic,
          dreamdust_ecumenical_altar_drowned_temple, nicolae_shop_unique_rings,
          chequers_serial_rivers_micro_c
D:2:      layout_rooms, uniq_crazy_yiuf_cottage

Skill      XL: |  1  2  3  4 |
---------------+-------------+-----
Short Blades   | 3 4 5 6 |  6.3
Fighting       | |  2.1
Throwing       | |  2.1
Dodging        | |  1.2
Stealth        | |  5.3

Action                   |  1- 3 |  4- 6 || total
-------------------------+-------+-------++-------
Melee: Dagger            |    66 |    92 ||   158
       Punch             |       |     1 ||     1
 Stab: Sleeping          |    21 |     5 ||    26
Armor: Robe              |     3 |    10 ||    13
Dodge: Dodged            |    34 |    70 ||   104

Table legend: (Time is in decaauts)
 A = Elapsed time spent in this place.
 B = Non-inter-level travel time spent in this place.
 C = Inter-level travel time spent in this place.
 D = Time resting spent in this place.
 E = Time spent auto-exploring this place.
 F = Levels seen in this place.
 G = Mean time per level.
                   A        B        C        D        E       F      G
               +--------+--------+--------+--------+--------+-----+--------+
         Total |   2544 |   2475 |     69 |    687 |   1428 |   2 | 1272.0 |
       Dungeon |   2544 |   2475 |     69 |    687 |   1428 |   2 | 1272.0 |
               +--------+--------+--------+--------+--------+-----+--------+

Top non-repeatable levels by time:
     D:2: 1304 daAuts
     D:1: 1240 daAuts
